 Dungeon Crawl Stone Soup version 0.18.1-48-g4cf74bf (webtiles) character file.

28 Alarkh the Poker (level 2, -1/22 HPs)
             Began as a Mummy Skald on July 17, 2016.
             Slain by Ijyb
             ... wielding a +0 dagger of speed
              (2 damage)
             ... on level 2 of the Dungeon.
             The game lasted 00:00:57 (902 turns).

Alarkh the Poker (Mummy Skald)                       Turns: 902, Time: 00:00:58

Health: -1/22      AC:  3    Str: 15    XL:     2   Next: 96%
Magic:  3/5        EV: 11    Int: 11    God:
Gold:   69         SH:  0    Dex: 11    Spells: 1 memorised, 4 levels left

rFire  . . .     SeeInvis .     a - +0 spear
rCold  . . .     Gourm    .     b - +0 leather armour
rNeg   + + +     Faith    .     (no shield)
rPois  ∞         Spirit   .     (no helmet)
rElec  .         Dismiss  .     (no cloak)
rCorr  .         Reflect  .     (no gloves)
SustAt .         Harm     .     (no boots)
MR     .....                    (no amulet)
Stlth  +.........               (no ring)
                                f - ring of fire

@: infused, not resistant to hostile enchantments, very unstealthy
A: no food or potions, fire vulnerability, cold resistance 1, negative energy
resistance 3, torment resistance, unbreathing
a: no special abilities


You were on level 2 of the Dungeon.
You were not hungry.

You visited 1 branch of the dungeon, and saw 2 of its levels.

You collected 69 gold pieces.

Inventory:

Hand Weapons
 a - a +0 spear (weapon)
Armour
 b - a +0 leather armour (worn)
Jewellery
 f - a ring of fire (left hand)
 i - an uncursed ring of magical power {unknown}
Scrolls
 d - a scroll of enchant armour {unknown}
 e - a scroll of recharging {unknown}
 g - a scroll of remove curse {unknown}
 h - 2 scrolls of enchant weapon {unknown}
Books
 c - a book of Battle

   Spells                             Type                      Level
   a - Infusion                       Charms                       1
   b - Shroud of Golubria             Charms/Translocation         2
   c - Song of Slaying                Charms                       2
   d - Spectral Weapon                Hexes/Charms                 3
   e - Regeneration                   Charms/Necromancy            3


   Skills:
 - Level 2.0 Fighting
 + Level 2.8 Polearms
 - Level 0.7 Armour
 - Level 0.7 Dodging
 - Level 2.0 Spellcasting
 - Level 2.4 Charms


You had 4 spell levels left.
You knew the following spells:

 Your Spells              Type           Power        Failure   Level  Hunger
a - Infusion              Chrm           #...         17%         1    N/A

Dungeon Overview and Level Annotations

Branches:
Dungeon (2/15)

Altars:

Annotations:
D:2 Ijyb


Innate Abilities, Weirdness & Mutations

You do not eat or drink.
Your flesh is vulnerable to fire.
You are immune to poison.
Your flesh is cold resistant.
You are immune to negative energy.
You are immune to unholy pain and torment.
You can survive without breathing.


Message History

Ijyb hits you with a dagger of speed.
* * * LOW HITPOINT WARNING * * *
You closely miss Ijyb.
Ijyb is almost dead.
Ijyb hits you but does no damage.
You are no longer magically infusing your attacks.
Ijyb misses you.
Casting: Infusion
Confirm with . or Enter, or press ? or * to list all spells.
You begin infusing your attacks with magical energy.
Ijyb hits you with a dagger of speed.
* * * LOW HITPOINT WARNING * * *
Unknown command.
You barely miss Ijyb.
Ijyb is almost dead.
Ijyb closely misses you.
You closely miss Ijyb.
Ijyb is almost dead.
Ijyb hits you with a dagger of speed.
You die...

#. #.##...# #.# ##.##
#.##.#.# #..
##...#######.##...#
#............###.##
#####...###.###.###.#
.....>....K#.##.....#
#####..###.........#
#..#######.#####
#......Kg@.#
#.########## #.# #.#
#.# #.# ##### #.#
#...
#.####.####.###.####
#.........(.........


You could see Ijyb and a kobold.

Vanquished Creatures
  An ooze (D:1)
  A dart slug (D:1)
  A giant gecko (D:1)
  2 giant cockroaches (D:1)
  A hobgoblin (D:1)
  5 bats (D:1)
  3 giant newts
  A goblin (D:2)
  3 kobolds (D:1)
  3 rats
21 creatures vanquished.

Notes
Turn   | Place    | Note
--------------------------------------------------------------
     0 | D:1      | Alarkh the Mummy Skald began the quest for the Orb.
     0 | D:1      | Reached XP level 1. HP: 16/16 MP: 3/3
   174 | D:1      | Reached XP level 2. HP: 22/22 MP: 0/5
   842 | D:2      | Noticed Ijyb
   900 | D:2      | HP: 1/22 [Ijyb/dagger of speed (3)]
   902 | D:2      | Slain by Ijyb

Skill      XL: |  1 |
---------------+----+-----
Polearms       | 2 |  2.8
Fighting       | |  2.0
Armour         | |  0.7
Dodging        | |  0.7
Spellcasting   | |  2.0
Charms         | |  2.4

Action                   || total
-------------------------++-------
Melee: Spear             ||    76
 Cast: Infusion          ||    15
Armor: Leather armour    ||    27
Dodge: Dodged            ||    29
